Cogmind - Beta 14 @@@ ROGUE MODE // 2024.10.25 @ 23:38:09 Player: Komeiji O. Result: Destroyed self with Reinforced Fission Core chain reaction Performance ------------- Evolutions (5) 2500 Regions Visited (10) 2000 Robots Destroyed (100) 500 Value Destroyed (3703) 3703 Prototype IDs (13) 260 Alien Tech Used (0) 0 Bonus (752) 752 TOTAL SCORE: 9715 Bonus ------- High Alert Combat Kills 43 Follower Combat Kills 304 Registered with UFD 300 MAIN.C Attacked Warlord 500 Friendly Fire -395 Cogmind --------- Core Integrity 0/1000 Matter 208/300 Energy 436/530 System Corruption 0% Temperature Cool (4) Movement Treading (250) Ox1 Location -4/Proximity Caves Parts ------- > --- POWER (2) -------- Neutrino Core Neutrino Core > --- PROPULSION (4) --- Armored Medium Treads (fused) Armored Medium Treads > --- UTILITY (7) ------ Large Storage Unit Phase Shifter Layered Heavy Armor Plating Advanced Focal Shield Advanced Hacking Suite A0-MCA's Component Scanner > --- WEAPON (4) ------- Improved Proton Missile Launcher Mini Smartbomb Launcher Heavy Mace Great Maul > --- INVENTORY (15) --- Angular Momentum Engine Neutrino Core Advanced Cooling System Compact Battery (200) Compact Battery (200) Compact Battery (200) Improved Target Analyzer Insulated Plating Improved Hardlight Generator Heavy Riot Gun Heavy Riot Gun High-powered Shock Rifle Heavy Machine Gun Makeshift Hammer Makeshift Hammer Peak State ------------ > --- POWER ------------ Angular Momentum Engine Neutrino Core > --- PROPULSION ------- Medium Treads Medium Treads Armored Medium Treads Armored Medium Treads > --- UTILITY ---------- Advanced Cooling System Large Storage Unit Layered Heavy Armor Plating Improved Hacking Suite Advanced Hacking Suite A0-MCA's Component Scanner > --- WEAPON ----------- Heavy Riot Gun Heavy Riot Gun Improved Arc Projector Mini Smartbomb Launcher > --- INVENTORY -------- Neutrino Core Neutrino Core Compact Battery Compact Battery Compact Battery Compact Battery Advanced Weight Redist. System Improved Hardlight Generator Improved Hardlight Generator Improved Proton Missile Launcher Heavy Mace Great Maul Makeshift Hammer Makeshift Hammer [Rating: 96] Favorites ----------- Power Neutrino Core Engine Subdweller Power Source Power Core Neutrino Core Propulsion Armored Medium Treads Treads Armored Medium Treads Wheel Armored Wheel Hover Unit Antigrav System Utility Large Storage Unit Device Advanced Cooling System Storage Large Storage Unit Processor A0-MCA's Component Scanner Hackware Advanced Hacking Suite Protection Layered Heavy Armor Plating Weapon Riot Gun Energy Gun Riot Gun Energy Cannon Plasma Cannon Ballistic Gun Gauss Rifle Ballistic Cannon Battle Cannon Launcher Mini Smartbomb Launcher Special Weapon CPS Tube Impact Weapon Heavy Mace Slashing Weapon Makeshift Axe Build | -11 -10 -10 -10 -7 -7 -5 -5 -5 -5 -4 ------- Run | Yrd Mat Min Sub Rec Scr Fac Upp Upp War Pro Slots Evolved 10 | . . . . . . 10 . . . . Power 1 | . . . . . . 1 . . . . Propulsion 2 | . . . . . . 2 . . . . Utility 5 | . . . . . . 5 . . . . Weapon 2 | . . . . . . 2 . . . . Parts Attached 187 | 7 22 4 30 5 8 76 14 14 4 3 Power 20 | 1 3 1 2 . 2 8 2 . 1 . Engine 10 | 1 3 . 2 . 2 1 1 . . . Core 10 | . . 1 . . . 7 1 . 1 . Reactor . | . . . . . . . . . . . Propulsion 27 | 2 1 . 7 . 2 11 2 2 . . Treads 13 | 2 1 . 3 . . 3 2 2 . . Leg . | . . . . . . . . . . . Wheel 8 | . . . 4 . 2 2 . . . . Hover 6 | . . . . . . 6 . . . . Flight . | . . . . . . . . . . . Utility 74 | 2 8 1 13 3 2 37 2 3 1 2 Device 42 | 1 6 1 2 1 . 25 . 3 1 2 Storage 10 | 1 2 . 4 . 1 1 1 . . . Processor 1 | . . . . . . 1 . . . . Hackware 3 | . . . . . . 2 1 . . . Protection 18 | . . . 7 2 1 8 . . . . Artifact . | . . . . . . . . . . . Weapon 66 | 2 10 2 8 2 2 20 8 9 2 1 Energy Gun 16 | 1 5 . 4 . 1 1 3 1 . . Energy Cannon 2 | . . . . 1 1 . . . . . Ballistic Gun 12 | 1 . 1 1 . . 9 . . . . Ballistic Cannon 1 | . . . . 1 . . . . . . Launcher 19 | . 4 . 3 . . 5 1 4 1 1 Special Weapon 4 | . 1 1 . . . . 1 1 . . Impact Weapon 8 | . . . . . . 1 3 3 1 . Slashing Weapon 4 | . . . . . . 4 . . . . Piercing Weapon . | . . . . . . . . . . . Special Melee Weapon . | . . . . . . . . . . . Unidentified Prototypes . | . . . . . . . . . . . Corrupted Parts 2 | . . . 1 . . 1 . . . . System Corruption 10 | . . . 1 . . 9 . . . . Parts Lost 43 | . 1 . 4 1 . 33 1 2 1 . Power 4 | . . . . . . 4 . . . . Propulsion 17 | . . . 2 . . 12 1 1 1 . Utility 11 | . 1 . 1 . . 9 . . . . Weapon 11 | . . . 1 1 . 8 . 1 . . Highest Loss Streak 20 | . 1 . 1 1 . 20 1 2 1 . To Critical Strikes 1 | . . . . . . 1 . . . . Average Slot Usage (%) 85 | . 99 100 88 100 89 69 78 90 80 82 Engine 9 | . 14 5 12 14 14 2 4 5 1 . Core 2 | . . 8 1 . . 4 4 5 9 11 Treads 9 | . 28 28 18 . . 3 12 21 11 11 Wheel 11 | . . . 4 28 28 7 . . . . Device 5 | . 13 14 . 2 . 13 6 5 5 10 Storage 8 | . 14 14 8 14 14 3 4 5 5 5 Processor 1 | . . . . . . 3 5 5 5 5 Hackware 2 | . . . . . . 2 10 11 11 6 Protection 6 | . . . 12 11 4 5 5 5 5 5 Energy Gun 12 | . 16 12 23 15 11 . 12 15 6 4 Energy Cannon 4 | . . . . 8 13 . . . . . Ballistic Gun 2 | . 10 8 3 . . 6 . . . . Ballistic Cannon 1 | . . . . 3 2 . . . . . Impact Weapon 1 | . . . . . . 1 3 3 9 11 Peak Build Rating 96 | 7 9 11 20 19 30 82 88 96 85 88 Average Rating 40 | 5 7 10 16 18 24 56 81 90 82 86 On Entrance 36 | . 7 8 11 19 19 30 50 87 83 85 Naked Turns . | . . . . . . . . . . . Heaviest Build 248 | 13 31 31 37 42 220 248 86 90 91 91 Greatest Support 110 | 40 40 40 40 26 28 59 82 110 82 54 Greatest Overweight (x) 24 | 2 . . 12 1 7 24 1 1 1 1 Average Overweight (x) 1 | . . . 1 1 4 1 . . . 1 Largest Inventory Capacity 35 | 8 15 15 15 15 35 35 15 15 15 15 Average Capacity 17 | 7 10 15 10 15 28 12 13 15 15 15 Most Carried 35 | 5 15 15 15 15 35 34 12 15 15 15 Average Carried 14 | 2 9 14 8 13 24 12 9 13 13 14 Final Capacity 35 | 8 15 15 15 15 35 5 15 15 15 15 Final Carried 35 | 5 15 15 11 15 35 5 11 14 15 15 Class Distribution -------------------- 43% | Mutant 18% | Hauler-Mutant 10% | Derelict-Tank 9% | Derelict-Mutant 8% | Hacker-Mutant 5% | Derelict-Gladiator Dominant Class ---------------- Mutant | -10/Materials Mutant | -10/Mines Mutant | -10/Subcaves Mutant | -7/Recycling Hauler-Mutant | -7/Scraptown Mutant | -5/Factory Derelict-Tank | -5/Upper Caves Derelict-Tank | -5/Upper Caves Hacker-Mutant | -5/Warlord Derelict-Mutant | -4/Proximity Caves Resources | -11 -10 -10 -10 -7 -7 -5 -5 -5 -5 -4 ----------- Run | Yrd Mat Min Sub Rec Scr Fac Upp Upp War Pro Matter Collected 3625 | 273 211 65 537 62 126 1218 681 388 . 64 Remotely . | . . . . . . . . . . . Salvage Created 3993 | 17 407 77 602 60 . 1559 574 465 . 232 Parts 238 | 3 37 8 41 6 . 104 5 25 . 9 Haulers Intercepted . | . . . . . . . . . . . Recyclers Shooed 1 | . 1 . . . . . . . . . Parts Field Recycled . | . . . . . . . . . . . Retrieved Matter . | . . . . . . . . . . . Parts Self-Destructed 29 | . . . 20 . . . 1 8 . . Prevented 1 | . . . . . . . . 1 . . Kills | -11 -10 -10 -10 -7 -7 -5 -5 -5 -5 -4 ------- Run | Yrd Mat Min Sub Rec Scr Fac Upp Upp War Pro Combat Hostiles Destroyed 82 | . 14 2 14 1 . 30 5 13 . 3 Melee 12 | . . . . . . 12 . . . . Guns 34 | . 7 . 9 . . 13 4 1 . . Cannons 3 | . . . . 1 . 2 . . . . AOE 31 | . 7 2 5 . . 2 1 11 . 3 Classes Destroyed 16 | 1 4 . 1 1 . 7 2 . . . Worker 3 | . . . . . . 3 . . . . Builder 6 | . . . . . . 6 . . . . Tunneler 4 | 1 2 1 . . . . . . . . Operator 1 | . 1 . . . . . . . . . Watcher 3 | . 1 . . . . 2 . . . . Swarmer 23 | . 6 . 3 . . 5 1 8 . . Grunt 26 | . 8 2 . . . 11 1 2 . 2 Brawler 5 | . . . . . . 1 1 2 . 1 Duelist 2 | . . . . . . 1 1 . . . Sentry 5 | . . . . 1 . 2 1 1 . . Demolisher 1 | . . . . . . 1 . . . . Hunter 4 | . . . . . . 4 . . . . Programmer 5 | . . . . . . 5 . . . . Subdweller 11 | . . . 11 . . . . . . . Decomposer 1 | . . . . . . . . 1 . . Packrat 4 | . . . . . . . 4 . . . Samaritan 2 | . . . . . . . 1 1 . . Thug 1 | . . . 1 . . . . . . . Best Kill Streak 8 | 1 7 3 4 1 . 8 4 5 . 3 Combat Bots Only 6 | . 6 2 4 1 . 5 4 5 . 3 Max Kills in Single Turn 4 | 1 3 3 2 1 . 4 2 4 . 2 Gunslinging 2 | . 1 . . . . 2 1 . . . Exploded 4 | . 3 2 2 . . 1 1 4 . 2 Melee 1 | . . . . . . 1 . . . . Uniques/NPCs Destroyed . | . . . . . . . . . . . Combat | -11 -10 -10 -10 -7 -7 -5 -5 -5 -5 -4 -------- Run | Yrd Mat Min Sub Rec Scr Fac Upp Upp War Pro Hostile Shots Fired 642 | . 53 6 90 27 . 392 20 17 14 23 Missed 187 | . 14 3 33 6 . 112 5 3 3 8 Damage Taken 8807 | . 479 89 1213 142 . 5573 575 267 260 209 Core 1227 | . 87 14 92 26 . 919 61 . . 28 Absorbed by Shields 541 | . . . . . . 229 . 24 89 199 Ignored by Resistances 17 | . . . . . . . . . . 17 Regen/Repaired (Parts) 351 | . . . . . . 128 . . 223 . Core Remaining (%) 56 | 100 . . . . 12 . . . . . Volleys Fired 220 | 1 38 4 65 3 . 58 23 24 . 4 Largest 4 | 2 2 1 2 2 . 4 3 4 . 1 Hottest 228 | 70 115 100 125 119 . 121 185 228 . 80 Shots Fired 401 | 2 68 4 95 6 . 126 48 48 . 4 Gun 331 | 2 60 1 83 1 . 104 41 39 . . Cannon 12 | . . . . 5 . 7 . . . . Launcher 51 | . 5 1 12 . . 15 6 8 . 4 Special 7 | . 3 2 . . . . 1 1 . . Kinetic 146 | 1 27 1 12 2 . 103 . . . . Thermal 91 | 1 36 2 52 . . . . . . . Explosive 47 | . 5 1 12 . . 15 6 7 . 1 Electromagnetic 115 | . . . 19 4 . 8 41 40 . 3 Robot Hit Streak 19 | 2 7 3 13 19 . 7 8 8 . 9 Robot Miss Streak 5 | . 4 1 3 . . 4 5 4 . . Penetration Max 1 | . . . . . . 1 . . . . Secondary Targets 10 | . 1 . 2 . . 5 2 . . . Max Gunslinging Chain 2 | . 1 . 1 . . 2 1 . . . Shots Hit Robots 263 | 2 37 1 51 5 . 112 24 29 . 2 Core Hits 229 | 1 35 6 35 3 . 80 25 27 . 17 Critical Kills 3 | . . . . . . 3 . . . . Critical Parts Destroyed 6 | . . . 1 . . 3 2 . . . Critical Strikes 18 | . 2 . 2 . . 12 2 . . . Burn 3 | . 2 . 1 . . . . . . . Destroy 6 | . . . 1 . . 5 . . . . Smash 3 | . . . . . . 1 2 . . . Sever 6 | . . . . . . 6 . . . . Melee Attacks 83 | . . . . . . 78 4 1 . . Impact 10 | . . . . . . 5 4 1 . . Slashing 73 | . . . . . . 73 . . . . Piercing . | . . . . . . . . . . . Sneak Attacks 5 | . . . . . . 1 3 1 . . Combat Hostiles . | . . . . . . . . . . . Follow-up Attacks 14 | . . . . . . 14 . . . . Damage Inflicted 11415 | 24 793 209 1609 113 . 5020 1037 1774 . 836 Guns 3341 | 24 500 . 804 17 . 1156 327 513 . . Cannons 158 | . . . . 96 . 62 . . . . Explosions 5437 | . 292 209 805 . . 1666 449 1180 . 836 Melee 2472 | . . . . . . 2130 261 81 . . Ramming 7 | . 1 . . . . 6 . . . . Kinetic 1567 | 12 208 . 100 50 . 1197 . . . . Thermal 980 | 12 292 . 485 . . . 42 111 . 38 Explosive 4746 | . 292 209 805 . . 1624 407 1069 . 340 Electromagnetic 1643 | . . . 219 63 . 63 327 513 . 458 Impact 500 | . . . . . . 158 261 81 . . Slashing 1972 | . . . . . . 1972 . . . . Piercing . | . . . . . . . . . . . Highest Corruption 46 | . . . 1 1 . 41 45 45 46 . Average Corruption 20 | . . . 1 1 . 13 44 45 45 . Corruption Purged . | . . . . . . . . . . . Corruption Blocked . | . . . . . . . . . . . Effects 166 | . . . 8 4 . 61 57 32 4 . Message Errors 32 | . . . 1 . . 11 15 5 . . Matter Fused 47 | . . . 1 3 . 13 19 8 3 . Heat Flow Errors 16 | . . . 2 . . 7 2 5 . . Energy Discharges 15 | . . . 3 1 . 4 5 2 . . Parts Rejected 2 | . . . . . . 1 . 1 . . Parts Fused 3 | . . . . . . 1 . 2 . . Data Loss (minor) 23 | . . . . . . 10 10 3 . . Data Loss (major) 6 | . . . . . . 3 1 1 1 . Misfires 5 | . . . 1 . . 1 2 1 . . Alerts 3 | . . . . . . 1 . 2 . . Misdirections 6 | . . . . . . 6 . . . . Weapon Failures 8 | . . . . . . 3 3 2 . . Overload Shots . | . . . . . . . . . . . Overflow Damage 703 | . . . . . . 255 275 173 . . Projectiles . | . . . . . . . . . . . Explosions 140 | . . . . . . 14 23 103 . . Melee 563 | . . . . . . 241 252 70 . . Knockbacks 3 | . . . . . . 2 1 . . . Impact 2 | . . . . . . 1 1 . . . Kinetic 1 | . . . . . . 1 . . . . Secondary . | . . . . . . . . . . . Self-Inflicted Damage 282 | . 17 21 118 . . 3 37 . . 86 Shots 10 | . 1 1 5 . . . 1 . . 2 Rammed 4 | . 1 . . . . 3 . . . . Targets Rammed 4 | . 1 . . . . 3 . . . . Kicked . | . . . . . . . . . . . Crushed . | . . . . . . . . . . . Highest Temperature 367 | 9 108 . 84 177 . 336 355 367 229 56 Average Temperature 80 | 6 24 . 16 93 . 96 113 141 116 20 Received Heat Transfer 1500 | . 252 36 288 30 . 671 90 60 47 26 Effects 4 | . . . . . . 1 . 3 . . Shutdowns 1 | . . . . . . . . 1 . . Energy Bleed 1 | . . . . . . . . 1 . . Interference 1 | . . . . . . . . 1 . . Short Circuit 1 | . . . . . . 1 . . . . Siege Activations . | . . . . . . . . . . . Robots Corrupted 5 | . . . . . . 1 2 2 . . Combat Hostiles 2 | . . . . . . 1 . 1 . . Parts Fried 3 | . . . 1 . . 1 . 1 . . Impact Corruptions 18 | . . . . . . 2 14 2 . . Robots Melted . | . . . . . . . . . . . Combat Hostiles . | . . . . . . . . . . . Parts Melted 3 | . 2 . 1 . . . . . . . Heat Transferred 2087 | 37 999 . 925 . . . . 100 . 26 Parts Sabotaged . | . . . . . . . . . . . Parts Stolen . | . . . . . . . . . . . Parts Stripped . | . . . . . . . . . . . Power Chain Reactions 4 | . . . . . . 1 1 1 . 1 Alert | -11 -10 -10 -10 -7 -7 -5 -5 -5 -5 -4 ------- Run | Yrd Mat Min Sub Rec Scr Fac Upp Upp War Pro Peak Influence 510 | 5 343 246 . 34 . 510 . . . . Initial 133 | . 3 133 . . . . . . . . Average 152 | 1 108 204 . 5 . 194 . . . . Maximum Alert Level 2 | . 1 1 . . . 2 . . . . Low Security (%) 61 | 100 81 35 . 100 . 50 . . . . Level 1 34 | . 18 64 . . . 43 . . . . Level 2 3 | . . . . . . 6 . . . . Level 3 . | . . . . . . . . . . . Level 4 . | . . . . . . . . . . . Level 5 . | . . . . . . . . . . . High Security . | . . . . . . . . . . . Max Security . | . . . . . . . . . . . Squads Dispatched 20 | . 2 1 . . . 16 . . . 1 Investigation 2 | . 1 . . . . 1 . . . . Extermination 4 | . . . . . . 4 . . . . Reinforcement 6 | . 1 . . . . 5 . . . . Assault 2 | . . 1 . . . . . . . 1 Garrison 6 | . . . . . . 6 . . . . Intercept . | . . . . . . . . . . . Searches Triggered . | . . . . . . . . . . . Construction Impeded 2 | . . . . . . 2 . . . . Haulers Reinforced . | . . . . . . . . . . . Active Scanning Responses . | . . . . . . . . . . . Cargo Convoy Interrupts . | . . . . . . . . . . . Stealth | -11 -10 -10 -10 -7 -7 -5 -5 -5 -5 -4 --------- Run | Yrd Mat Min Sub Rec Scr Fac Upp Upp War Pro Distress Signals 2 | . . . . . . 2 . . . . Communications Jammed . | . . . . . . . . . . . Distress Signals . | . . . . . . . . . . . Times Spotted 155 | . 20 6 27 1 . 65 5 12 10 9 Peak Tracking Total 11 | . 6 4 6 1 . 5 5 5 11 10 Tactical Retreats 8 | . 1 . . . . 5 . 1 1 . Traps | -11 -10 -10 -10 -7 -7 -5 -5 -5 -5 -4 ------- Run | Yrd Mat Min Sub Rec Scr Fac Upp Upp War Pro Traps Triggered 7 | . . . 1 . . 1 3 . 2 . Indirectly . | . . . . . . . . . . . Trap Hack Attempts . | . . . . . . . . . . . Triggered . | . . . . . . . . . . . Disarmed . | . . . . . . . . . . . Reprogrammed . | . . . . . . . . . . . Reused . | . . . . . . . . . . . Traps Extracted . | . . . . . . . . . . . Installed . | . . . . . . . . . . . Triggered 1 | . . . . . . . . . 1 . Most Traps Carried 1 | . . . 1 1 1 . . . . . Machines | -11 -10 -10 -10 -7 -7 -5 -5 -5 -5 -4 ---------- Run | Yrd Mat Min Sub Rec Scr Fac Upp Upp War Pro Machines Disabled 5 | . . . . . . 4 1 . . . Max in Single Turn 1 | . . . . . . 1 1 . . . Machines Repaired . | . . . . . . . . . . . Machines Dismantled . | . . . . . . . . . . . Machines Sabotaged . | . . . . . . . . . . . Overloaded Fab Kills . | . . . . . . . . . . . Hacking | -11 -10 -10 -10 -7 -7 -5 -5 -5 -5 -4 --------- Run | Yrd Mat Min Sub Rec Scr Fac Upp Upp War Pro Machines Accessed 36 | . 4 . 1 8 8 7 1 . 7 . Terminals 8 | . 3 . . 3 . 2 . . . . Fabricators 3 | . . . . . . 3 . . . . Repair Stations 1 | . . . . . . 1 . . . . Recycling Units 6 | . 1 . . 5 . . . . . . Scanalyzers . | . . . . . . . . . . . Garrison Access 1 | . . . . . . 1 . . . . Total Hacks 107 | . 12 . 3 18 40 19 1 . 14 . Successful 74 | . 2 . 3 6 40 8 1 . 14 . Failed 33 | . 10 . . 12 . 11 . . . . Catastrophic 5 | . 3 . . 2 . . . . . . Database Lockouts . | . . . . . . . . . . . Manual 20 | . 10 . . 5 . 5 . . . . Terminals 26 | . 10 . . 7 . 9 . . . . Fabricators 7 | . . . . . . 7 . . . . Repair Stations 1 | . . . . . . 1 . . . . Recycling Units 13 | . 2 . . 11 . . . . . . Scanalyzers . | . . . . . . . . . . . Garrison Access 2 | . . . . . . 2 . . . . Terminal Hacks 63 | . 1 . 3 1 40 3 1 . 14 . Record 44 | . . . 3 . 32 . . . 9 . Part Schematic 1 | . . . . . . 1 . . . . Robot Analysis 8 | . . . . . 8 . . . . . Prototype ID Bank 5 | . . . . . . . . . 5 . Open Door 1 | . . . . . . . 1 . . . Unreport Threat 2 | . . . . . . 2 . . . . Hauler Manifests 1 | . 1 . . . . . . . . . Zone Layout 1 | . . . . 1 . . . . . . Fabricator Hacks 1 | . . . . . . 1 . . . . Network Status 1 | . . . . . . 1 . . . . Repair Station Hacks . | . . . . . . . . . . . Recycling Unit Hacks 4 | . . . . 4 . . . . . . Report Inventory 2 | . . . . 2 . . . . . . Retrieve Components 2 | . . . . 2 . . . . . . Scanalyzer . | . . . . . . . . . . . Garrison Access Hacks . | . . . . . . . . . . . Unauthorized Hacks 6 | . 1 . . 1 . 4 . . . . Terminals 5 | . . . . 1 . 4 . . . . Track 3 | . . . . 1 . 2 . . . . Botnet 2 | . . . . . . 2 . . . . Fabricators . | . . . . . . . . . . . Repair Stations . | . . . . . . . . . . . Recycling Units 1 | . 1 . . . . . . . . . Tunnel 1 | . 1 . . . . . . . . . Scanalyzers . | . . . . . . . . . . . Garrison Access . | . . . . . . . . . . . Data Cores Recovered . | . . . . . . . . . . . Used . | . . . . . . . . . . . Hacking Detections 16 | . 4 . . 6 . 6 . . . . Full Trace Events 2 | . . . . 1 . 1 . . . . Feedback Events 1 | . . . . . . 1 . . . . Corruption 1 | . . . . . . 1 . . . . Feedback Blocked . | . . . . . . . . . . . Robot Schematics Acquired . | . . . . . . . . . . . Robots Built . | . . . . . . . . . . . Authchips . | . . . . . . . . . . . Time . | . . . . . . . . . . . Total Robot Build Rating . | . . . . . . . . . . . Part Schematics Acquired 1 | . . . . . . 1 . . . . Parts Built . | . . . . . . . . . . . Authchips . | . . . . . . . . . . . Time . | . . . . . . . . . . . Total Part Build Rating . | . . . . . . . . . . . Parts Repaired . | . . . . . . . . . . . Time . | . . . . . . . . . . . Parts Recycled . | . . . . . . . . . . . Recycled Matter . | . . . . . . . . . . . Retrieved Matter . | . . . . . . . . . . . Retrieved Components 2 | . . . . 2 . . . . . . Parts Scanalyzed . | . . . . . . . . . . . Part Schematics Acquired . | . . . . . . . . . . . Parts Damaged . | . . . . . . . . . . . Bothacking | -11 -10 -10 -10 -7 -7 -5 -5 -5 -5 -4 ------------ Run | Yrd Mat Min Sub Rec Scr Fac Upp Upp War Pro Used RIF Installer . | . . . . . . . . . . . Robots Hacked . | . . . . . . . . . . . Non-combat . | . . . . . . . . . . . Combat . | . . . . . . . . . . . Robot Hacks Applied . | . . . . . . . . . . . Relay Couplers Released . | . . . . . . . . . . . Fabnet Peak Effective % . | . . . . . . . . . . . Robots Rewired 6 | . . . . . . . 1 . 5 . Allies Hacked . | . . . . . . . . . . . Hacks Repelled . | . . . . . . . . . . . Allies | -11 -10 -10 -10 -7 -7 -5 -5 -5 -5 -4 -------- Run | Yrd Mat Min Sub Rec Scr Fac Upp Upp War Pro Total Allies 8 | . . 1 . . . 1 1 . 5 . Largest Group 5 | . . 1 1 . . 1 1 1 5 1 Highest-Rated Group 264 | . . 31 31 . . 55 49 49 264 65 Highest-Rated Ally 68 | . . 31 31 . . 55 49 49 68 65 Total Orders 2 | . . . . . . . . 2 . . STAY 1 | . . . . . . . . 1 . . FOLLOW 1 | . . . . . . . . 1 . . Ally Attacks 50 | . . 4 4 . . 19 . 7 16 . Total Damage 1844 | . . 86 84 . . 553 . 260 861 . Kills 10 | . . 2 . . . 4 . 2 2 . Allies Corrupted 3 | . . . . . . . . . 3 . Allies Melted . | . . . . . . . . . . . Intel | -11 -10 -10 -10 -7 -7 -5 -5 -5 -5 -4 ------- Run | Yrd Mat Min Sub Rec Scr Fac Upp Upp War Pro Robot Analysis Total 8 | . . . . . 8 . . . . . Derelict Logs Recovered 9 | . . 1 2 . 2 . 2 2 . . Drone Launches . | . . . . . . . . . . . Drone Recoveries . | . . . . . . . . . . . Exploration | -11 -10 -10 -10 -7 -7 -5 -5 -5 -5 -4 ------------- Run | Yrd Mat Min Sub Rec Scr Fac Upp Upp War Pro Turns Passed 13897 | 117 790 345 2764 430 3913 2336 1070 559 1334 239 Spaces Moved 7474 | 64 378 191 1273 377 2447 1415 455 275 510 89 Core 220 | 8 . . 104 . . 108 . . . . Treads 3303 | 56 378 191 1026 . . 323 455 275 510 89 Legs . | . . . . . . . . . . . Wheels 3759 | . . . 143 377 2447 792 . . . . Hover 192 | . . . . . . 192 . . . . Flight . | . . . . . . . . . . . Fastest Speed 50 | 50 160 160 105 105 105 50 166 165 166 250 Average Speed 166 | 156 160 160 195 105 157 128 211 167 248 250 Slowest Speed 1250 | 160 160 160 650 105 200 1250 250 250 250 250 Overloaded Moves . | . . . . . . . . . . . Propulsion Burnouts . | . . . . . . . . . . . Robots Hopped . | . . . . . . . . . . . Cave-ins Triggered . | . . . . . . . . . . . Exploration Rate (%) 49 | 4 75 57 46 66 94 24 55 40 64 16 Regions Visited 10 Branch Regions 8 Pre-discovered Areas 3 | . 1 . . . 2 . . . . . Known Exits Taken 2 | . . 1 1 . . . . . . . Unknown Exits Taken 8 | 1 1 . . 1 1 1 1 1 1 . Scrap Searched 16 | . . 1 6 . 6 . 1 1 . 1 Spaces Dug 20 | . 9 1 . . . 7 1 . . 2 Terrain Destroyed 311 | . 34 13 47 . . 65 65 79 . 8 Melee 8 | . . . . . . 7 1 . . . Projectile 4 | . 3 1 . . . . . . . . AOE 298 | . 31 12 47 . . 57 64 79 . 8 Terrain Rammed . | . . . . . . . . . . . Walls Destroyed . | . . . . . . . . . . . Machines Disabled . | . . . . . . . . . . . Actions | -11 -10 -10 -10 -7 -7 -5 -5 -5 -5 -4 --------- Run | Yrd Mat Min Sub Rec Scr Fac Upp Upp War Pro Total 8430 | 76 489 222 1452 404 2526 1745 512 326 576 102 Wait 173 | . 17 21 9 12 . 61 4 5 44 . Move 7464 | 63 377 190 1272 376 2446 1414 454 274 509 89 Hop . | . . . . . . . . . . . Pick Up 172 | 5 19 1 37 6 46 39 7 6 3 3 Fast Attach 60 | 7 1 . 12 . 2 27 8 3 . . Attach 36 | . 1 . 5 1 1 24 2 1 1 . Detach 13 | . . . 4 . . 7 2 . . . Swap 91 | . 20 4 13 4 5 25 4 10 3 3 Drop 109 | . 15 2 26 2 26 30 2 2 1 3 Fire 220 | 1 38 4 65 3 . 58 23 24 . 4 Melee 62 | . . . . . . 57 4 1 . . Ram 3 | . . . . . . 3 . . . . Kick . | . . . . . . . . . . . Crush 1 | . 1 . . . . . . . . . Escape Stasis . | . . . . . . . . . . . Rewire 17 | . . . . . . . 2 . 15 . Trap . | . . . . . . . . . . . Miscellaneous 9 | . . . 9 . . . . . . . Route ------- -11/Scrapyard -10/Materials (discovered 4 exits: [*Mat x2] / [*Min x2]) -10/Mines (discovered 2 exits: [*Mat] / *Sub) -10/Subcaves (discovered 2 exits: [*Mat] / *Rec) -7/Recycling (discovered 2 exits: *Fac / *Scr) -7/Scraptown (discovered 2 exits: *Fac x2) -5/Factory -5/Upper Caves -5/Upper Caves -5/Warlord -4/Proximity Caves History --------- Turn | Location | Event 16 | -11/Scrapyard | Discovered new exit (range 13) 118 | -11/Scrapyard | Entered Materials 275 | -10/Materials | Discovered new exit (range 16) 318 | -10/Materials | Build established: Mutant 577 | -10/Materials | Discovered new exit (range 11) 711 | -10/Materials | Discovered new exit (range 12) 829 | -10/Materials | Discovered new exit (range 16) 908 | -10/Materials | Entered Mines 909 | -10/Mines | Met a Derelict testing a Signal Generator 956 | -10/Mines | Found Signal Generator 1004 | -10/Mines | Identified exit to Subcaves 1127 | -10/Mines | Discovered new exit (range 12) 1253 | -10/Mines | Entered Subcaves 1253 | -10/Subcaves | Accompanied by 1 ally 1322 | -10/Subcaves | Learned location of 1 exit from Materials 1338 | -10/Subcaves | Identified exit to Recycling 1385 | -10/Subcaves | Ambushed by swarm of Subdwellers 1399 | -10/Subcaves | Ambushed by Subdweller buried in earth 1409 | -10/Subcaves | Core integrity fell below 50% 1429 | -10/Subcaves | Lost 4 allies 2248 | -10/Subcaves | Disturbed a concealed Subdweller 2458 | -10/Subcaves | Disturbed a concealed Subdweller 2880 | -10/Subcaves | Visited Clippyterm 2928 | -10/Subcaves | Discovered new exit (range 8) 2940 | -10/Subcaves | Shifting Twisted Machinery released Scrap Shield 2941 | -10/Subcaves | Shifting Twisted Machinery released Riot Gun 4017 | -10/Subcaves | Entered Recycling 4279 | -7/Recycling | Discovered new exit (range 5) 4293 | -7/Recycling | Scanned before Scraplab entrance 4318 | -7/Recycling | Core integrity fell below 20% 4435 | -7/Recycling | Entered Scraplab 4444 | -7/Recycling | Discovered new exit (range 3) 4447 | -7/Recycling | Entered Scraptown 4447 | -7/Scraptown | System corruption cleaned by C-Scrubber 4475 | -7/Scraptown | Heard Great Nut preacher, LISTEN AND RECITE! 4737 | -7/Scraptown | Discovered new exit (range 5) 4763 | -7/Scraptown | Scanned Subdweller tech in exchange for log data 4766 | -7/Scraptown | Learned Research terminal intel 4923 | -7/Scraptown | Visited Comm Corps 5009 | -7/Scraptown | Visited Awakened 5300 | -7/Scraptown | Visited Shadow of the Wyrm 5336 | -7/Scraptown | Visited Cyclists 5365 | -7/Scraptown | Visited TADAMA 5439 | -7/Scraptown | Build established: Derelict-Mutant 5541 | -7/Scraptown | Visited The Evicted 5571 | -7/Scraptown | Visited UFD Registry 5571 | -7/Scraptown | Registered with UFD as "Bladeform" 5603 | -7/Scraptown | Visited Derelict Rescue Squad 5615 | -7/Scraptown | Found DRS Beacon 5635 | -7/Scraptown | Visited Scrapoid Research Area 5674 | -7/Scraptown | Visited DA-N13 Charitable Foundation 5684 | -7/Scraptown | Found DCF Scrap (28 items) 6030 | -7/Scraptown | Build established: Hauler-Mutant 6040 | -7/Scraptown | Visited Curators Association 6108 | -7/Scraptown | Visited Supply Room 6333 | -7/Scraptown | Visited A0-MCA Data Center 6345 | -7/Scraptown | Given a C rating by A0-MCA 6351 | -7/Scraptown | Found A0-MCA's Component Scanner 6394 | -7/Scraptown | Visited Cartography Club 6516 | -7/Scraptown | Discovered new exit (range 3) 6564 | -7/Scraptown | Found Scrap Suit 6567 | -7/Scraptown | Found Scrap Suit 6690 | -7/Scraptown | Visited Botcube Research 6704 | -7/Scraptown | Found Botcube 6741 | -7/Scraptown | Visited Analyses Database 6791 | -7/Scraptown | Visited Scrap Suit Storage 6825 | -7/Scraptown | Found Scrap Suit 7559 | -7/Scraptown | Entered Cyclist Reading Room 7567 | -7/Scraptown | Learned location of Zion (-6) 8028 | -7/Scraptown | Visited SPCMW 8360 | -7/Scraptown | Entered Factory 8360 | -5/Factory | Evolved 10 slots: Power x1, Propulsion x2, Utility x5, Weapon x2 8693 | -5/Factory | Build established: Derelict-Gladiator 9234 | -5/Factory | Lost 5 parts (1p1n1u2w) 9269 | -5/Factory | Garrison activated, responded to threat 9312 | -5/Factory | Found Mni. Smartbomb Launcher 9316 | -5/Factory | Found Mni. Smartbomb Launcher 9319 | -5/Factory | Found Mni. Smartbomb Launcher 9378 | -5/Factory | Botcube activated 9392 | -5/Factory | Botcube completed mutation into hovering form, armed with 2 guns. 9695 | -5/Factory | Garrison activated, responded to threat 9949 | -5/Factory | System corruption reached 10% 10008 | -5/Factory | System corruption reached 30% 10048 | -5/Factory | Core integrity fell below 50% 10093 | -5/Factory | Lost 20 parts (1p7n7u5w) 10094 | -5/Factory | Core integrity fell below 20% 10269 | -5/Factory | Build established: Mutant 10681 | -5/Factory | Discovered new exit (range 12) 10696 | -5/Factory | Entered Upper Caves 10703 | -5/Upper Caves | Learned Factory terminal intel 10713 | -5/Upper Caves | Found DCF Scrap (13 items) 11095 | -5/Upper Caves | Learned Factory stockpile data 11310 | -5/Upper Caves | Build established: Derelict-Tank 11546 | -5/Upper Caves | Attracted the attention of an 0b10 outpost 11743 | -5/Upper Caves | Discovered new exit (range 11) 11766 | -5/Upper Caves | Entered another Upper Caves area 11766 | -5/Upper Caves | Accompanied by 1 ally 12028 | -5/Upper Caves | Spotted B-75 Beast 12090 | -5/Upper Caves | Learned location of 1 exit from Factory 12189 | -5/Upper Caves | Attracted the attention of an 0b10 checkpoint 12290 | -5/Upper Caves | Discovered new exit (range 2) 12298 | -5/Upper Caves | Learned Factory emergency access door positions 12325 | -5/Upper Caves | Entered Warlord 12438 | -5/Warlord | System corruption cleaned by Quarantine Array 12491 | -5/Warlord | Build established: Derelict-Mutant 12575 | -5/Warlord | Learned Armory trap positions 12575 | -5/Warlord | Learned Quarantine emergency access door positions 12578 | -5/Warlord | Learned 4 Armory zone layouts 12578 | -5/Warlord | Learned 4 Research zone layouts 12580 | -5/Warlord | Learned Quarantine security intel 13054 | -5/Warlord | Build established: Hacker-Mutant 13624 | -5/Warlord | Discovered new exit (range 12) 13625 | -5/Warlord | Warlord's base attacked by MAIN.C 13659 | -5/Warlord | Entered Proximity Caves 13659 | -4/Proximity Caves | Accompanied by 1 ally 13681 | -4/Proximity Caves | Lost 4 allies 13881 | -4/Proximity Caves | Attracted the attention of an 0b10 outpost 13898 | -4/Proximity Caves | Destroyed self with Reinforced Fission Core chain reaction Last Messages --------------- 13688_ Acquired 64 matter. 13692_ Acquired Adv. Focal Shield. 13696_ Discarded Imp. Hacking Suite. 13696_ Acquired Phase Shifter. 13700_ Dropped Com. Battery. 13701_ Acquired Hvy. Machine Gun. 13719_ Dropped Adv. Weight Redist. System. 13720_ Dropped Imp. Target Analyzer. 13722_ Acquired Imp. Target Analyzer. 13738_ Extracted 6 energy. 13741_ Acquired Com. Battery. 13760_ Component scanned: Tractor Beam [MU-X4W(k)]. 13768_ MU-X4W(k) breaks down the debris. 13788_ 3B-8U4(k) breaks down the debris. 13881_ Y-72 Warden: "DETECTED UNIDENTIFIED DERELICT." 13885_ Y-72 Warden: "REQUESTING BACKUP." 13895_ G-67 Veteran destroyed. 13898_ B-60 Warrior destroyed. 13898_ Chain reaction triggered in Corrupted Rnf. Fission Core. 13898_ G-67 Veteran destroyed. Map ----- +----------------------------------------------------+ | ????????????????????# ??####????????? ####?# | | ???????????????????## ?? ###???????? ## | | ????????????# ###### ?# #????????? | | ????????????# ## #?????????? | | ????????????# #??????????? | | ????????????????# #????######## | | ????????????????# ##????# | | ????????????????## #?????# ! | | ?????????????????## ## #?????# ##### | | ??????????????????##### ?# #?????# #??## | | ????????????????####### ## #?##### #??# #### | | ?????????????# ### ! #??# #??? | | ??????????????# ! #?## #??? | | ????????????## ###### ## ######### #??? | | ?????????? ## ??????# ?# ##?????## #??? | | ??????????? ?????# #### #??????# ##??? | | ???????????? ????# #??#####?????## ##??? | | ?????????????# ##??# #???????????## ##?? | | ??????????????# ### #??????????## #?? | | ??????????????# ##???????### ###?? | | ??????????????# ##??????# #???? | | ??????????##### #??????# ###?? | | ??????????# *%b #;###??###### #?? | | ??????????# !!g l ######### #?? | | ????????????# *Y b%=i ##?? | | ????????????#?# # b@ ##??? | | ???????????????????# ## ########## ##??? | | ???????????????????# ?## ;#????????# #??? | | ???????????????????#???## ###????????# #??? | | ????????????????????????####??????????#### ##??? | | ?????????????????????????????????????????#####???? | | ?????????????????????????????????????????????????? | | ?????????????????????????????????????????????????? | | ?????????????????????????????????????????????????? | | ?????????????????????????????????????????????????? | | ?????????????????????????????????????????????????? | | ?????????????????????????????????????????????????? | | ?????????????????????????????????????????????????? | | ?????????????????????????????????????????????????? | | ?????????????????????????????????????????????????? | | ?????????????????????????????????????????????????? | | ?????????????????????????????????????????????????? | | ?????????????????????????????????????????????????? | | ?????????????????????????????????????????????????? | | ?????????????????????????????????????????????????? | | ?????????????????????????????????????????????????? | | ?????????????????????????????????????????????????? | | | | | | | +----------------------------------------------------+ Best States ------------- Heat Dissipation 71 Energy Generation 33 Energy Capacity 530 Matter Stores 300 Matter Capacity 300 Sight Range 21 Terrain Scan Range 14 Terrain Scan Density 10 Additional Mass Support 9 Armor Coverage 800 Resistance: KI 30 Melee Speed Boost 20 Phase Shifting 5 Evasion (%) 50 Recoil Reduction 4 Offensive Hacking 26 Item Schematics ----------------- Adv. Drone Bay | -5/Factory | Hacked Robot Schematics ------------------ None Fabricated ------------ Nothing Alien Tech Used ----------------- None Achievements -------------- Gunslinger Challenges ------------ None Game ------ Seed VampiricLaserAutogun Manual? 0 Play Time 03:21:05 Cumulative 114.5 hours Start 2024.10.25 @ 20:13:26 End 2024.10.25 @ 23:38:09 Sessions 3 Manual Loads 0 Difficulty Rogue Special Mode None Game No. 41 Rogue 40 Adventurer 1 Explorer 0 Win Type - Total 2 Types 2/0/0/0/0/0/0/0/0 Lore% 34 Gallery% 51 Achievement% 43 Wizard Run 0 Options --------- Layout 0 ASCII 0 Keyboard 1 Movement Vi Keybinds 0 Fullscreen 2 Font 36/Terminus++ Map View 76x50 Zoom Use 0% Tactical HUD 1 Map Filters NONE Filters NONE Steam 1 RUN: 8b4bb6b8-4e12-4fd1-ad9b-e3943f927780